 Dungeon Sprint DCSS version 0.29-a0-359-g541a27f54d (console) character file.

Game seed: 12753563550414179880

85 Morrissey the Ducker (level 4, -4/43 HPs)
             Began as a Gnoll Monk on Apr 27, 2022.
             Was a Believer of Makhleb.
             Slain by a troll (11 damage)
             ... in the Dungeon (Sprint IX: "|||||||||||||||||||||||||||||").
             The game lasted 00:02:33 (451 turns).

Morrissey the Ducker (Gnoll Monk)                    Turns: 451, Time: 00:02:33

Health: -4/43      AC: 13    Str: 12    XL:     4   Next: 48%
Magic:  7/8        EV:  4    Int: 15    God:    Makhleb [**....]
Gold:   0          SH:  0    Dex: 15    Spells: 8/8 levels left

rFire   . . .      SeeInvis .   a - +2 scimitar (holy)
rCold   . . .      Faith    .   (no shield)
rNeg    . . .      Spirit   .   n - +0 plate armour
rPois   .          Reflect  .   (no helmet)
rElec   .          Harm     .   m - +0 cloak
rCorr   .          Rampage  .   (no gloves)
Will    .....      NoTele   +   l - +0 pair of boots
Stlth   ..........              (no amulet)
HPRegen 0.14/turn               o - +3 ring of intelligence
MPRegen 0.11/turn               p - +3 ring of intelligence

@: hasted, very quick
A: fangs 1, strong nose, distributed training
a: Renounce Religion, Minor Destruction


You were in the Dungeon.
You worshipped Makhleb.
Makhleb was pleased with you.
You visited 1 branch

Inventory:

Hand Weapons
 a - a +2 scimitar of holy wrath (weapon)
 k - a +0 falchion
Armour
 b - a +0 robe
 l - a +0 pair of boots (worn)
 m - a +0 cloak (worn)
 n - a +0 plate armour (worn)
Jewellery
 o - a +3 ring of intelligence (left hand)
 p - a +3 ring of intelligence (right hand)
Wands
 j - a wand of acid (10)
Scrolls
 h - 2 scrolls of amnesia
 i - a scroll of blinking
Potions
 c - a potion of invisibility
 d - 2 potions of heal wounds
 e - 4 potions of curing
 g - 4 potions of magic


   Skills:
 + Level 7.1 Fighting
 + Level 2.7 Short Blades
 + Level 7.1 Long Blades
 + Level 2.7 Axes
 + Level 2.7 Maces & Flails
 + Level 2.7 Polearms
 + Level 2.7 Staves
 + Level 2.7 Slings
 + Level 2.7 Bows
 + Level 2.7 Crossbows
 + Level 2.7 Throwing
 + Level 2.7 Armour
 + Level 7.1 Dodging
 + Level 5.0 Stealth
 + Level 2.7 Shields
 + Level 2.7 Unarmed Combat
 + Level 2.7 Spellcasting
 + Level 2.2 Conjurations
 + Level 2.2 Hexes
 + Level 2.2 Summonings
 + Level 2.2 Necromancy
 + Level 2.2 Translocations
 + Level 2.2 Transmutations
 + Level 2.2 Fire Magic
 + Level 2.2 Ice Magic
 + Level 2.2 Air Magic
 + Level 2.2 Earth Magic
 + Level 2.2 Poison Magic
 + Level 3.0 Invocations
 + Level 2.7 Evocations


You had 8 spell levels left.
You didn't know any spells.
Your spell library was empty.

Dungeon Overview and Level Annotations

Branches:
Dungeon (1/1)

Altars:
Cheibriados
Dithmenos
Elyvilon
Fedhas
Gozag
Hepliaklqana
Kikubaaqudgha
Makhleb
Nemelex Xobeh
Okawaru
Qazlal
Ru
Sif Muna
Trog
Uskayaw
Vehumet
Wu Jian
Xom
Yredelemnul
Zin
The Shining One
Beogh
Jiyva
Lugonu


Innate Abilities, Weirdness & Mutations

You have very sharp teeth.
Your uncanny sense of smell can sniff out nearby items.
Your experience applies equally to all skills.


Message History

The troll shouts!
The orc wizard gestures wildly while chanting.
The orc wizard flickers and vanishes!
Deactivating autopickup; reactivate with Ctrl-A.
You completely miss the orc wizard. The orc wizard barely misses you.
You slice the orc wizard!!
You kill the orc wizard!
Makhleb accepts your kill.
Your Stealth skill increases to level 5!
Your Conjurations skill increases to level 2!
Your Hexes skill increases to level 2!
Your Summonings skill increases to level 2!
Your Necromancy skill increases to level 2!
Your Translocations skill increases to level 2!
Your Transmutations skill increases to level 2!
Your Fire Magic skill increases to level 2!
Your Ice Magic skill increases to level 2!
Your Air Magic skill increases to level 2!
Your Earth Magic skill increases to level 2!
Your Poison Magic skill increases to level 2!
Your Invocations skill increases to level 3!
Unknown command.
Okay, then.
You feel yourself speed up. The troll bites you! The troll claws you!
The troll claws you but does no damage.
You closely miss the troll. The troll barely misses you. The troll claws you!
The troll claws you but does no damage.
Unknown command.
You slash the troll! Your bite misses the troll.
The troll is moderately wounded.
You closely miss the troll.
The troll is moderately wounded.
The troll barely misses you. The troll claws you.
* * * LOW HITPOINT WARNING * * *
The troll claws you!
* * * LOW HITPOINT WARNING * * *
You slash the troll!
The troll is heavily wounded.
The troll bites you!
You die...

▓▓▓▓▓▓▓▓▓▓▓▓▓▓▓▓▓▓▓▓▓▓▓▓
_______'..).....@TD.yT..
▓▓▓▓▓▓▓▓▓▓▓▓▓▓▓▓▓▓▓▓▓▓▓▓
∆∆∆∆ ∆ ∆


You could see 2 trolls, a steam dragon and a killer bee.

Vanquished Creatures
  A hound (D)
  An orc wizard (D)
  2 adders (D)
  2 orcs (D)
  A ball python (D)
  An endoplasm (D)
  2 goblins (D)
  A bat (D)
11 creatures vanquished.

Notes
Turn   | Place    | Note
-------+----------+-------------------------------------------
     0 | D        | Morrissey the Gnoll Monk began the quest for the Orb.
     0 | D        | Reached XP level 1. HP: 23/23 MP: 1/1
    12 | D        | Reached skill level 1 in Invocations
    13 | D        | Reached skill level 1 in Short Blades
    13 | D        | Reached skill level 1 in Axes
    13 | D        | Reached skill level 1 in Maces & Flails
    13 | D        | Reached skill level 1 in Polearms
    13 | D        | Reached skill level 1 in Staves
    13 | D        | Reached skill level 1 in Slings
    13 | D        | Reached skill level 1 in Bows
    13 | D        | Reached skill level 1 in Crossbows
    13 | D        | Reached skill level 1 in Throwing
    13 | D        | Reached skill level 1 in Armour
    13 | D        | Reached skill level 1 in Shields
    13 | D        | Reached skill level 1 in Unarmed Combat
    13 | D        | Reached skill level 1 in Spellcasting
    13 | D        | Reached skill level 1 in Evocations
    18 | D        | Noticed a hound
    29 | D        | Killed a hound
    30 | D        | Reached skill level 1 in Conjurations
    30 | D        | Reached skill level 1 in Hexes
    30 | D        | Reached skill level 1 in Summonings
    30 | D        | Reached skill level 1 in Necromancy
    30 | D        | Reached skill level 1 in Translocations
    30 | D        | Reached skill level 1 in Transmutations
    30 | D        | Reached skill level 1 in Fire Magic
    30 | D        | Reached skill level 1 in Ice Magic
    30 | D        | Reached skill level 1 in Air Magic
    30 | D        | Reached skill level 1 in Earth Magic
    30 | D        | Reached skill level 1 in Poison Magic
    30 | D        | Reached XP level 2. HP: 29/29 MP: 3/5
    30 | D        | Reached XP level 3. HP: 35/35 MP: 3/6
   202 | D        | Reached XP level 4. HP: 25/43 MP: 7/7
   344 | D        | Found a snail-covered altar of Cheibriados.
   344 | D        | Found a shadowy altar of Dithmenos.
   344 | D        | Found a white marble altar of Elyvilon.
   344 | D        | Found a blossoming altar of Fedhas.
   344 | D        | Found an opulent altar of Gozag.
   345 | D        | Found a hazy altar of Hepliaklqana.
   346 | D        | Found a viscous altar of Jiyva.
   347 | D        | Found an ancient bone altar of Kikubaaqudgha.
   348 | D        | Found a corrupted altar of Lugonu.
   349 | D        | Found a burning altar of Makhleb.
   350 | D        | Found a sparkling altar of Nemelex Xobeh.
   351 | D        | Found an iron altar of Okawaru.
   352 | D        | Found a stormy altar of Qazlal.
   353 | D        | Found a sacrificial altar of Ru.
   354 | D        | Found a shimmering blue altar of Sif Muna.
   355 | D        | Found a bloodstained altar of Trog.
   356 | D        | Found a hide-covered altar of Uskayaw.
   357 | D        | Found a radiant altar of Vehumet.
   358 | D        | Found an ornate altar of the Wu Jian Council.
   359 | D        | Found a shimmering altar of Xom.
   360 | D        | Found a basalt altar of Yredelemnul.
   361 | D        | Found a glowing silver altar of Zin.
   362 | D        | Found a glowing golden altar of the Shining One.
   387 | D        | Became a worshipper of Makhleb the Destroyer
   387 | D        | Reached * piety under Makhleb
   387 | D        | Reached ** piety under Makhleb
   444 | D        | Noticed a troll
   444 | D        | Noticed a steam dragon
   444 | D        | Noticed a troll
   447 | D        | Reached skill level 5 in Stealth
   451 | D        | Slain by a troll

Illustrated notes

Levels and vault maps discovered:
D:        linesprint [early_d, line_temple, items_1, d_10, items_2, lair_1,
          lair_end, items_3, orc_1, orc_end, items_4, d_15, swamp_1, shoals_1,
          snake_1, spider_1, d_20, vaults_1, items_5, swamp_end, shoals_end,
          snake_end, spider_end, vaults_end, d_27, items_6, zot_1, zot_end,
          crypt_end, forest_end, elf_end, slime_end, tomb_end, abyss_end,
          pan_hell_end]

Skill      XL: |  1  2  3  4 |
---------------+-------------+-----
Invocations    | 2 3 |  3.0
Short Blades   | 2 |  2.7
Axes           | 2 |  2.7
Maces & Flails | 2 |  2.7
Polearms       | 2 |  2.7
Staves         | 2 |  2.7
Slings         | 2 |  2.7
Bows           | 2 |  2.7
Crossbows      | 2 |  2.7
Throwing       | 2 |  2.7
Armour         | 2 |  2.7
Shields        | 2 |  2.7
Unarmed Combat | 2 |  2.7
Spellcasting   | 2 |  2.7
Evocations     | 2 |  2.7
Conjurations   | 1 2 |  2.2
Hexes          | 1 2 |  2.2
Summonings     | 1 2 |  2.2
Necromancy     | 1 2 |  2.2
Translocations | 1 2 |  2.2
Transmutations | 1 2 |  2.2
Fire Magic     | 1 2 |  2.2
Ice Magic      | 1 2 |  2.2
Air Magic      | 1 2 |  2.2
Earth Magic    | 1 2 |  2.2
Poison Magic   | 1 2 |  2.2
Fighting       | 7 |  7.1
Long Blades    | 7 |  7.1
Dodging        | 7 |  7.1
Stealth        | 5 |  5.0

Action                   |  1- 3 |  4- 6 || total
-------------------------+-------+-------++-------
Melee: Falchion          |    49 |     3 ||    52
       Punch             |     2 |       ||     2
       Bite              |     2 |     1 ||     3
       Scimitar          |       |     6 ||     6
  Use: Potion            |     4 |     1 ||     5
       Scroll            |     1 |       ||     1
 Stab: Sleeping          |     1 |       ||     1
Armor: Robe              |     3 |       ||     3
       Plate armour      |       |     2 ||     2
Dodge: Dodged            |    33 |     5 ||    38

Table legend: (Time is in decaauts)
 A = Elapsed time spent in this place.
 B = Non-inter-level travel time spent in this place.
 C = Inter-level travel time spent in this place.
 D = Time resting spent in this place.
 E = Time spent auto-exploring this place.
 F = Levels seen in this place.
 G = Mean time per level.
                   A        B        C        D        E       F      G
               +--------+--------+--------+--------+--------+-----+--------+
         Total |    453 |    453 |      0 |    268 |      0 |   1 |  453.0 |
       Dungeon |    453 |    453 |      0 |    268 |      0 |   1 |  453.0 |
               +--------+--------+--------+--------+--------+-----+--------+

Top non-repeatable levels by time:
       D: 453 daAuts
